 Dungeon Crawl Stone Soup version 0.27.1-3-gb3d3a73c9e (webtiles) character file.

Game seed: 5201399650856045679

512 Urokeeper the Spear-Bearer (level 7, -2/55 HPs)
             Began as a Merfolk Gladiator on Oct 21, 2021.
             Killed from afar by an orc wizard (3 damage)
             ... with a magic dart
             ... on level 5 of the Dungeon.
             The game lasted 00:06:40 (3762 turns).

Urokeeper the Spear-Bearer (Merfolk Gladiator)      Turns: 3762, Time: 00:06:40

Health: -2/55      AC: 11    Str: 16    XL:     7   Next: 19%
Magic:  7/7        EV: 11    Int:  8    God:
Gold:   164        SH:  0    Dex: 15    Spells: 6/6 levels left

rFire    . . .     SeeInvis .   a - +0 trident
rCold    + . .     Faith    .   (no shield)
rNeg     . . .     Spirit   .   s - +1 scale mail {rC+}
rPois    .         Reflect  .   c - +0 helmet
rElec    .         Harm     .   (no cloak)
rCorr    .         Rampage  .   (no gloves)
Will     .....                  e - +2 pair of boots {Stlth+}
Stlth    +.........             (no amulet)
HPRegen  0.18/turn              (no ring)
MPRegen  0.10/turn              (no ring)

@: no status effects
A: (nimble swimmer 2), mertail
a: no special abilities


You were on level 5 of the Dungeon.
You visited 1 branch of the dungeon, and saw 5 of its levels.

You collected 164 gold pieces.

Inventory:

Hand Weapons
 a - a +0 trident (weapon)
Missiles
 d - a throwing net (quivered)
Armour
 b - a +0 leather armour
 c - a +0 helmet (worn)
 e - a +2 pair of boots of stealth (worn)
 j - a +0 scale mail
 p - a +0 ring mail
 s - a +1 scale mail of cold resistance (worn)
Scrolls
 f - 2 scrolls of enchant armour {unknown}
 g - a scroll of teleportation
 h - a scroll of fog
 i - a scroll of blinking {unknown}
 t - a scroll of identify {unknown}
Potions
 k - a potion of lignification {unknown}
 l - 2 potions of mutation {unknown}
 m - a potion of ambrosia {unknown}
 q - a potion of berserk rage {unknown}
 r - a potion of attraction {unknown}


   Skills:
 + Level 4.5 Fighting
 * Level 8.7 Polearms
 - Level 2.0 Throwing
 + Level 2.3 Armour
 - Level 4.3 Dodging


You had 6 spell levels left.
You didn't know any spells.
Your spell library contained the following spells:

 Spells                   Type           Power      Damage    Failure   Level
 Ozocubu's Armour         Ice            0%         N/A       99%         3
 Metabolic Englaciation   Hex/Ice        0%         N/A       100%        5
 Simulacrum               Ice/Necr       0%         N/A       100%        6


Dungeon Overview and Level Annotations

Branches:
Dungeon (5/15)
 Temple: D:4-7

Altars:
Ashenzari
Zin


Innate Abilities, Weirdness & Mutations

((You are quick and stealthy near water. (Stealth+, EV+, Speed+++)))
Your lower body shifts to a powerful aquatic tail in water.


Message History

You closely miss something. You hit something.
You hear some strange, mumbled words.
A magic dart appears from out of thin air!
The magic dart hits you but does no damage.
You miss something. Something hits you but does no damage.
You closely miss something.
You hear some strange, mumbled words.
A puff of flame appears from out of thin air!
The puff of flame hits you.
* * * LOW HITPOINT WARNING * * *
You closely miss something. Something hits you.
* * * LOW HITPOINT WARNING * * *
You hit something but do no damage. Something hits you but does no damage.
You miss something. Something hits you but does no damage.
Your scale mail prevents you from hitting something.
You miss something. Something hits you but does no damage.
You miss something. Something hits you but does no damage.
You closely miss something. Something hits you but does no damage.
You hit something. Something hits you but does no damage.
You hit something but do no damage. Something hits you but does no damage.
You closely miss something. Something hits you but does no damage.
You miss something. You miss something. Something hits you but does no damage.
You miss something. Something hits you but does no damage.
You miss something. Something hits you but does no damage.
You hit something. Something hits you but does no damage.
Your scale mail prevents you from hitting something.
Something hits you but does no damage.
You barely miss something.
You hear some strange, mumbled words.
A magic dart appears from out of thin air!
The magic dart hits you!
* * * LOW HITPOINT WARNING * * *
You miss something.
Your scale mail prevents you from hitting something.
You hear some strange, mumbled words.
A magic dart appears from out of thin air!
The magic dart hits you.
You die...

#....(...#
#........#
#........#
#
#.########
#.##. #.#
###
......#.#
#..
........###
##..
.......Z{.#
....
.......##@#
###..
...#..# #.#
.... ## #..
>.# ###..
#.# ####
#.... #.
.##. .. ..
#.. ...
#.#..
...#....
..###..


You could see a bullfrog skeleton.

Vanquished Creatures
  2 ogres (D:4)
  A howler monkey (D:4)
  2 orc priests (D:3)
  2 hounds (D:4)
  Jessica (D:2)
  An iguana (D:5)
  An orc wizard (D:3)
  2 adders
  2 ufetubi
  A worm (D:2)
  6 orcs (D:3)
  10 endoplasms
  3 giant cockroaches
  4 goblins
  6 hobgoblins
  7 jackals (D:4)
  2 quokkas
  8 ball pythons
  5 bats
  5 frilled lizards
  5 kobolds
  7 rats
83 creatures vanquished.

Notes
Turn   | Place    | Note
-------+----------+-------------------------------------------
     0 | D:1      | Urokeeper the Merfolk Gladiator began the quest for the
                  | Orb.
     0 | D:1      | Reached XP level 1. HP: 16/16 MP: 1/1
   205 | D:1      | Reached XP level 2. HP: 23/23 MP: 2/2
   367 | D:1      | Reached skill level 5 in Polearms
   957 | D:2      | Found a faded altar of an unknown god.
   988 | D:2      | Reached XP level 3. HP: 28/28 MP: 3/3
  1387 | D:2      | Noticed Jessica
  1390 | D:2      | Killed Jessica
  1391 | D:2      | Reached XP level 4. HP: 35/35 MP: 4/4
  1436 | D:2      | Reached skill level 6 in Polearms
  1976 | D:3      | Reached skill level 1 in Armour
  1983 | D:3      | Reached XP level 5. HP: 6/41 MP: 5/5
  2591 | D:3      | Found a broken altar of Ashenzari.
  2651 | D:3      | Reached skill level 7 in Polearms
  2997 | D:4      | Reached XP level 6. HP: 40/48 MP: 6/6
  3205 | D:4      | Reached skill level 8 in Polearms
  3345 | D:4      | Reached XP level 7. HP: 55/55 MP: 7/7
  3534 | D:4      | Found a glowing silver altar of Zin.
  3647 | D:5      | Entered Level 5 of the Dungeon
  3760 | D:5      | HP: 1/55 [something/magic dart (7)]
  3762 | D:5      | Killed from afar by an orc wizard

Illustrated notes

Levels and vault maps discovered:
D:1:      sevenhm_arrival_forest_fort_large_4, layout_basic
D:2:      layout_loops_ring, ebering_ecumenical_altar_abandoned, uniq_jessica
D:3:      layout_loops_ring, nicolae_overflow_hidden_temple, serial_bayou_pond_b
D:4:      layout_rooms, mainiacjoe_overflow_surrounded_room,
          lightli_corner_chamber
D:5:      layout_basic, serial_shops, nicolae_take_the_stairs, uniq_menkaure

Skill      XL: |  1  2  3  4  5  6 |
---------------+-------------------+-----
Polearms       | 5 6 7 8 |  8.7
Fighting       | 3 4 |  4.5
Armour         | 1 2 |  2.3
Throwing       | |  2.0
Dodging        | |  4.3

Action                   |  1- 3 |  4- 6 |  7- 9 || total
-------------------------+-------+-------+-------++-------
Melee: Trident           |    92 |   179 |    61 ||   332
Throw: Throwing net      |       |     2 |       ||     2
  Use: Potion            |       |     1 |     2 ||     3
       Scroll            |       |     3 |     2 ||     5
 Stab: Sleeping          |     5 |       |       ||     5
       Held in net/web   |       |     1 |       ||     1
Armor: Leather armour    |     8 |       |       ||     8
       Scale mail        |    17 |    78 |    36 ||   131
Dodge: Dodged            |    33 |    93 |    14 ||   140
